 Dungeon Crawl Stone Soup version 0.20-a0-494-gf50ee04 (webtiles) character file.

213 nikopol the Skirmisher (level 5, 0/51 HPs)
             Began as a Gargoyle Berserker on Jan 17, 2017.
             Was a Believer of Trog.
             Slain by a worker ant (3 damage)
             ... on level 4 of the Dungeon.
             The game lasted 00:05:55 (2903 turns).

nikopol the Skirmisher (Gargoyle Berserker)         Turns: 2903, Time: 00:05:56

Health: 0/51       AC: 14    Str: 25    XL:     5   Next: 90%
Magic:  5/5        EV: 12    Int:  8    God:    Trog [**....]
Gold:   122        SH:  0    Dex: 10    Spells: 4/4 levels left

rFire    . . .     SeeInvis .   a - +0 hand axe
rCold    . . .     Gourm    .   r - +4 ring mail
rNeg     + . .     Faith    .   (no shield)
rPois    ∞         Spirit   .   (no helmet)
rElec    +         Reflect  .   k - +0 cloak
rCorr    .         Harm     .   (no gloves)
MR       .....                  (no boots)
Stlth    ..........             (no amulet)
Regen    0.2/turn               (no ring)
                                (no ring)

@: berserking, very quick
A: negative energy resistance 1, electricity resistance, unbreathing,
petrification resistance, rot immunity, AC +4
a: Berserk, Trog's Hand, Burn Spellbooks, Renounce Religion


You were on level 4 of the Dungeon.
You worshipped Trog.
Trog was pleased with you.
You were very hungry.

You visited 1 branch of the dungeon, and saw 4 of its levels.

You collected 122 gold pieces.

Inventory:

Hand Weapons
 a - a +0 hand axe (weapon)
Missiles
 g - 136 arrows
Armour
 b - a +0 animal skin
 k - a +0 cloak (worn)
 o - a +0 chain mail
 r - a +4 ring mail (worn)
Jewellery
 p - a +4 amulet of reflection {unknown}
Scrolls
 d - a scroll of random uselessness {unknown}
 e - 2 scrolls of recharging {unknown}
 f - 2 scrolls of magic mapping {unknown}
 h - 4 scrolls of teleportation {unknown}
 i - a scroll of amnesia {unknown}
 m - a scroll of remove curse {unknown}
 n - a scroll of noise {unknown}
 q - 3 scrolls of identify {unknown}
Potions
 j - 2 potions of flight {unknown}
 l - 4 potions of curing {unknown}
Comestibles
 c - 3 bread rations


   Skills:
 + Level 4.4 Fighting
 + Level 3.8 Axes
 + Level 3.6 Armour
 + Level 2.7 Dodging


You had 4 spell levels left.
You didn't know any spells.

Dungeon Overview and Level Annotations

Branches:
Dungeon (4/15)
 Temple: D:4-7

Altars:
Hepliaklqana
Okawaru
Sif Muna


Innate Abilities, Weirdness & Mutations

You are resistant to torment.
Your stone body is resilient. (AC +4)
You are immune to poison.
You resist negative energy. (rN+)
You are resistant to electric shocks. (rElec)
You can survive without breathing.
You are immune to petrification.
You are immune to rotting.


Message History

You closely miss the orc wizard.
The orc wizard is moderately wounded.
You hit the orc wizard. You slash the orc wizard!
You closely miss the worker ant. You hit the orc priest.
The orc wizard casts a spell at you. The puff of frost hits you!
The orc priest begins to cast a cantrip, but forgets the words!
The orc wizard hits you but does no damage.
The worker ant bites you but does no damage.
The orc wizard closely misses you. The orc wizard hits you with a dagger.
* * * LOW HITPOINT WARNING * * *
You completely miss the orc wizard.
The orc wizard is almost dead.
You slash the worker ant! You hit the orc priest. You hit the orc wizard.
You barely miss the orc wizard. The orc wizard closely misses you.
The orc priest calls down the wrath of Beogh upon you.
Beogh smites you!
* * * LOW HITPOINT WARNING * * *
The worker ant bites you.
You die...

........# ........#
........# ..[.....#
........#
....?...########
......oo.......#
......a@.......#
......)oo......#
...............#
...............######
######+#######......#
#......# #......#
#......# #......#


You could see a worker ant, an orc priest and 3 orc wizards.

Vanquished Creatures
  A centaur skeleton (D:4)
  A hound (D:4)
  Terence (D:3)
  Robin (D:3)
  3 adders
  An ooze (D:3)
  An adder skeleton (D:4)
  A worm (D:2)
  2 dart slugs
  3 leopard geckos
  An orc (D:4)
  3 giant cockroaches
  8 hobgoblins
  A quokka (D:2)
  2 ball pythons (D:2)
  8 bats
  3 frilled lizards
  17 goblins
  12 kobolds
  8 rats
78 creatures vanquished.

Notes
Turn   | Place    | Note
-------+----------+-------------------------------------------
     0 | D:1      | nikopol the Gargoyle Berserker began the quest for the Orb.
     0 | D:1      | Reached XP level 1. HP: 14/14 MP: 1/1
   328 | D:1      | Reached XP level 2. HP: 17/19 MP: 2/2
  1108 | D:2      | Reached XP level 3. HP: 20/23 MP: 3/3
  1492 | D:2      | Reached ** piety under Trog
  1497 | D:2      | Found a hazy altar of Hepliaklqana.
  1606 | D:2      | Reached XP level 4. HP: 23/29 MP: 4/4
  1956 | D:3      | Found an iron altar of Okawaru.
  2026 | D:3      | Noticed Robin
  2072 | D:3      | Killed Robin
  2072 | D:3      | Reached skill level 4 in Fighting
  2246 | D:3      | Noticed Terence
  2274 | D:3      | Killed Terence
  2274 | D:3      | Reached XP level 5. HP: 32/33 MP: 5/5
  2342 | D:3      | Found a deep blue altar of Sif Muna.
  2903 | D:4      | Slain by a worker ant

Vault maps used:
D:1:      mrwooster_arrival_statue_3, serial_co_window_serial,
          co_window_of_opportunity_a, co_window_corner_a, co_window_corner_a,
          co_window_corner_a, co_window_paths_b, co_window_paths_b,
          co_window_corner_a, co_window_of_opportunity_a, co_window_corner_a,
          co_window_of_opportunity_c, co_window_unsneaky_path_b,
          co_window_broadway_c, co_window_cross_3, co_window_of_opportunity_b,
          co_window_2corner, co_window_unsneaky_path_c, glass_columns_a,
          glass_columns_a, glass_columns_a, glass_columns_c, glass_columns_a,
          corexii_item_surrounded_by_moat, minmay_pentomino_t2
D:2:      lemuel_round_altar
D:3:      okawaru_trees_2, first_bread, tgw_sif, uniq_terence, uniq_robin
D:4:      lemuel_doored_altar, uniq_menkaure, uniq_grinder

Skill      XL: |  1  2  3  4 |
---------------+-------------+-----
Axes           | 3 |  3.8
Dodging        | 2 |  2.7
Armour         | 3 |  3.6
Fighting       | 4 |  4.4

Action                   |  1- 3 |  4- 6 || total
-------------------------+-------+-------++-------
Melee: Hand axe          |   108 |   165 ||   273
Invok: Berserk           |       |     2 ||     2
  Eat: Chunk             |     2 |     5 ||     7
Armor: Animal skin       |    40 |       ||    40
       Chain mail        |    24 |    77 ||   101
       Ring mail         |       |    59 ||    59
Dodge: Dodged            |    68 |    93 ||   161
